 Dungeon Crawl Stone Soup version 0.29.0-4-gdea44cf6ec (webtiles) character file.

Game seed: 14376392807624704086

1 qw the Grasshopper (level 1, -1/12 HPs)
             Began as a Tengu Warper on Aug 28, 2022.
             Slain by a jackal (3 damage)
             ... on level 1 of the Dungeon.
             The game lasted 00:00:00 (46 turns).

qw the Grasshopper (Tengu Warper)                     Turns: 46, Time: 00:00:00

Health: -1/12      AC:  3    Str: 11    XL:     1   Next: 20%
Magic:  4/4        EV: 11    Int: 13    God:
Gold:   10         SH:  0    Dex: 13    Spells: 4/4 levels left

rFire   . . .      SeeInvis .   a - +0 hand axe
rCold   . . .      Faith    .   (no shield)
rNeg    . . .      Spirit   .   b - +0 leather armour
rPois   .          Reflect  .   (helmet restricted)
rElec   .          Harm     .   (no cloak)
rCorr   .          Rampage  .   (no gloves)
Will    .....                   (boots unavailable)
Stlth   +.........              (no amulet)
HPRegen 0.04/turn               (no ring)
MPRegen 0.09/turn               (no ring)

@: no status effects
A: beak, talons 3
a: no special abilities


You were on level 1 of the Dungeon.
You visited 1 branch of the dungeon, and saw 1 of its levels.

You collected 10 gold pieces.


Innate Abilities, Weirdness & Mutations

You have a beak for a mouth.
You have claws for feet.


   Skills:
 - Level 2.0 Fighting
 + Level 2.3 Axes
 - Level 1.0 Throwing
 - Level 1.1 Armour
 - Level 2.1 Dodging
 - Level 2.0 Spellcasting
 - Level 2.4 Translocations


You had 4 spell levels left.
You didn't know any spells.
Your spell library contained the following spells:

 Spells                   Type           Power      Damage    Failure   Level
 Blink                    Tloc           14%        N/A       19%         2
 Gell's Gravitas          Tloc           7%         N/A       36%         3
 Lesser Beckoning         Tloc           7%         N/A       36%         3
 Teleport Other           Tloc           7%         N/A       36%         3
 Manifold Assault         Tloc           7%         N/A       98%         5

Inventory:

Hand Weapons
 a - a +0 hand axe (weapon)
Missiles
 d - 3 boomerangs of dispersal (quivered)
Armour
 b - a +0 leather armour (worn)
Scrolls
 c - a scroll of blinking

Dungeon Overview and Level Annotations

Branches:
Dungeon (1/15)

Altars:


Message History

You throw a boomerang of dispersal.
The boomerang of dispersal barely misses the jackal.
A jackal comes into view. x2
Throw: 4 boomerangs (disperse)
Press: ? - help, Q - select action Shift-Dir - straight line, f/p - jackal You throw a boomerang of dispersal.
The jackal barks!
The boomerang of dispersal hits the jackal.
The jackal blinks!
The jackal is moderately wounded.
You hit the endoplasm.
You peck the endoplasm, but do no damage.
The endoplasm is heavily wounded.
The endoplasm closely misses you.
You barely miss the endoplasm. You peck the endoplasm.
The endoplasm is severely wounded.
The endoplasm hits you.
The jackal bites you but does no damage.
The jackal bites you.
You hit the endoplasm.
You kill the endoplasm!
You closely miss the jackal. You hit the jackal but do no damage.
You hit the jackal. The jackal misses you. The jackal barely misses you.
The jackal bites you but does no damage.
The jackal barely misses you. The jackal bites you. x2
You hit the jackal but do no damage.
The jackal is severely wounded.
You hit the jackal but do no damage. You completely miss the jackal.
A gnoll comes into view. It is wielding a +4 whip.
The jackal bites you but does no damage.
The jackal barely misses you. The jackal bites you.
You closely miss the jackal.
The gnoll shouts!
Your kick misses the jackal. You peck the jackal.
You kill the jackal!
You barely miss the jackal. You hit the jackal but do no damage.
The jackal barely misses you. The jackal closely misses you.
The jackal bites you. x2
You die...

#.##.....##
.........##
#.........#
####.........#
.............# .
#..........##..
#............. . #
#........!##!. ..#.
#.....@h...... ..##
#....%h...#(.. ...##
#.......?..... #..#
##.............
#.###.........#..g.
##..................
##...##..............
##..#.........##>.....
#...####.........###


You could see a gnoll and 2 jackals.

Vanquished Creatures
  An endoplasm (D:1)
  A jackal (D:1)
2 creatures vanquished.

Vanquished Creatures (others)
  3 plants (D:1)
3 creatures vanquished.

Grand Total: 5 creatures vanquished

Notes
Turn   | Place    | Note
-------+----------+-------------------------------------------
     0 | D:1      | qw the Tengu Warper began the quest for the Orb.
     0 | D:1      | Reached XP level 1. HP: 12/12 MP: 4/4
     0 | D:1      | 0 ||| qw: Version: 0.1-a-89-g26bdef1
     0 | D:1      | 0 ||| qw: Game counter: 1560
     0 | D:1      | 0 ||| qw: Always use a shield: true
     0 | D:1      | 0 ||| qw: God list: Okawaru
     0 | D:1      | 0 ||| qw: Allow faded altars: false
     0 | D:1      | 0 ||| qw: Do Orc after D:15 true
     0 | D:1      | 0 ||| qw: Do second Lair branch before Depths: true
     0 | D:1      | 0 ||| qw: Lair rune preference: random
     0 | D:1      | 0 ||| qw: Plans: Normal
     0 | D:1      | 0 ||| PLANNING D:1-11
    46 | D:1      | HP: 2/12 [jackal (3)]
    46 | D:1      | Slain by a jackal

Levels and vault maps discovered:
D:1:      beargit_arrival_diablo_church, layout_rooms,
          nicolae_ecumenical_snake_handling, nicolae_grassy_gnolls

Action                   || total
-------------------------++-------
Melee: Hand axe          ||     5
       Peck              ||     3
Throw: Boomerang         ||     4
Armor: Leather armour    ||     3
Dodge: Dodged            ||     7

Table legend:
 A = Non-vault XP
 B = Vault XP
 C = Vault XP percentage of total XP
 D = Non-vault monster count
 E = Vault monster count
 F = Vault count percentage of total count
                 A         B        C        D         E       F
            +---------+---------+-------+---------+---------+-------
      Total |       4 |       0 |   0.0 |       2 |       0 |   0.0
            +---------+---------+-------+---------+---------+-------
        D:1 |       4 |       0 |   0.0 |       2 |       0 |   0.0
            +---------+---------+-------+---------+---------+-------
